 Dungeon Crawl Stone Soup version 0.29.1-15-g9cfb28693d (webtiles) character file.

Game seed: 5281598332315654699

6293 browni3141 the Spear-Bearer (level 11, -15/77 HPs)
             Began as a Human Monk on Feb 24, 2023.
             Was a Believer of Nemelex Xobeh.
             Shot with a bolt by an orc warrior (17 damage)
             ... in a bailey.
             The game lasted 00:35:33 (13276 turns).

browni3141 the Spear-Bearer (Human Monk)           Turns: 13276, Time: 00:35:36

Health: -15/77     AC:  3    Str: 22    XL:     11   Next: 16%
Magic:  14/14      EV: 13    Int: 14    God:    Nemelex Xobeh [**....]
Gold:   251        SH:  0    Dex: 16    Spells: 12/14 levels left

rFire   + + .      SeeInvis .   D - +1 spear "Weagosk" {flame, Str+4}
rCold   + . .      Faith    .   (no shield)
rNeg    + + .      Spirit   .   y - +0 robe
rPois   .          Reflect  .   (no helmet)
rElec   .          Harm     .   (no cloak)
rCorr   .          Rampage  +   d - +0 pair of gloves of Pandemonium {Rampage Will+}
Will    .....                   (no boots)
Stlth   +++.......              g - amulet of regeneration
HPRegen 1.02/turn               C - ring of ice
MPRegen 0.14/turn               K - ring "Fukaf" {+Blink rF+++ rN++ Will- Str+6}

@: no status effects
A: no striking features
a: Renounce Religion, Evoke Blink, Draw Escape, Draw Destruction, Draw Summoning


You were in a bailey.
You worshipped Nemelex Xobeh.
Nemelex Xobeh was pleased with you.
You visited 2 branches of the dungeon, and saw 10 of its levels.
You also visited: Bailey.

You collected 541 gold pieces.
You spent 290 gold pieces at shops.


   Skills:
 - Level 4.0 Fighting
 * Level 11.9 Polearms
 - Level 4.0 Dodging
 - Level 6.0 Stealth
 - Level 2.0 Spellcasting
 - Level 4.0 Hexes
 - Level 2.0 Ice Magic
 - Level 5.0 Invocations
 - Level 6.0 Evocations


You had 12 spell levels left.
You knew the following spells:

 Your Spells              Type           Power      Damage    Failure   Level
z - Ensorcelled Hibernat  Hex/Ice        28%        N/A       11%         2

Your spell library contained the following spells:

 Spells                   Type           Power      Damage    Failure   Level
 Magic Dart               Conj           4%         1d3       24%         1
 Call Imp                 Summ           1%         N/A       34%         2
 Passwall                 Tmut/Erth      0%         N/A       34%         2
 Mephitic Cloud           Conj/Pois/Air  1%         N/A       56%         3
 Swiftness                Air            1%         N/A       56%         3
 Leda's Liquefaction      Hex/Erth       3%         N/A       71%         4
 Summon Lightning Spire   Summ/Air       1%         N/A       93%         4
 Fireball                 Conj/Fire      0%         3d3       100%        5
 Lee's Rapid Deconstruct  Erth           0%         3d5*      100%        5
 Starburst                Conj/Fire      0%         6d3       100%        6
 Statue Form              Tmut/Erth      0%         N/A       100%        6
 Storm Form               Tmut/Air       0%         N/A       100%        7
 Ignition                 Fire           0%         3d3       100%        8
 Maxwell's Capacitive Co  Air            0%         ∞         100%        8

Inventory:

Hand Weapons
 b - a +2 vorpal spear
 D - the +1 spear "Weagosk" (weapon) {flame, Str+4}
   (You found it on level 9 of the Dungeon)

   It burns those it strikes, dealing additional fire damage.
   Str:       It affects your strength (+4).
Missiles
 x - a curare-tipped dart {@f4}
 E - a throwing net
Armour
 d - the +0 pair of gloves of Pandemonium (worn) {Rampage Will+}
   (You bought it in a shop on level 4 of the Dungeon)

   Rampage:   It bestows one free step when moving towards enemies.
   Will:      It increases your willpower.
 y - a +0 robe (worn)
Jewellery
 c - a ring of protection from cold
 g - an amulet of regeneration (around neck)
 r - an amulet of magic regeneration
 v - an amulet of reflection
 C - a ring of ice (left hand)
 K - the ring "Fukaf" (right hand) {+Blink rF+++ rN++ Will- Str+6}
   (You acquired it on level 7 of the Dungeon)

   [ring of strength]

   Str:       It affects your strength (+6).
   rF:        It renders you almost immune to fire.
   rN:        It greatly protects you from negative energy.
   +Blink:    It lets you blink.
   Will:      It decreases your willpower.
 P - a ring of poison resistance {@f3}
Wands
 q - a wand of paralysis (6)
Scrolls
 e - 2 scrolls of enchant armour
 i - 2 scrolls of butterflies
 m - a scroll of magic mapping
 p - 2 scrolls of teleportation {@r4}
 u - 2 scrolls of noise {!r}
 B - 2 scrolls of brand weapon
 F - a scroll of vulnerability {!r}
 I - 3 scrolls of blinking {@r3}
 L - a scroll of torment {unknown}
 N - 2 scrolls of immolation {unknown}
Potions
 a - 2 potions of ambrosia
 f - 2 potions of brilliance {unknown}
 h - 4 potions of heal wounds {unknown}
 j - 6 potions of curing {unknown}
 k - 2 potions of cancellation {unknown}
 l - 2 potions of mutation {unknown}
 n - 2 potions of degeneration {unknown}
 o - a potion of flight
 s - a potion of lignification {unknown}
 t - a potion of might {unknown}
 z - 2 potions of magic {unknown}
 A - a potion of attraction {unknown}
Miscellaneous
 w - a condenser vane (inert)

Dungeon Overview and Level Annotations

Branches:
Dungeon (9/15)             Temple (1/1) D:7          Bailey (1/1)
   Lair: D:8-11         Orc: D:9-12

Altars:
Ashenzari
Cheibriados
Dithmenos
Elyvilon
Fedhas
Gozag
Hepliaklqana
Kikubaaqudgha
Makhleb
Nemelex Xobeh
Okawaru
Qazlal
Ru
Sif Muna
Trog
Uskayaw
Vehumet
Wu Jian
Xom
Yredelemnul
Zin
The Shining One

Shops:
D:4 =[[*

Annotations:
D:3 exclusion: black bear
D:5 exclusion: ogre, Menkaure
D:6 exclusion: ogre

###############
#∩.............
#.∩............
#..............
#..............
#@.....≈≈≈≈≈...
#.....≈≈¦¦¦≈≈..
#.....≈¦¦.¦¦≈..
#.....≈¦.o..o..
#.....≈¦¦o∩¦≈ .
#.....≈≈¦.¦¦≈..
#......≈○?≈≈≈..
#......§oo.....
#.............¦


You could see an orc warrior.


Message History

The orc warrior unwields a +0 arbalest.
The orc warrior hits you!
* * * LOW HITPOINT WARNING * * *
You draw a card...
You have drawn Pain.
Press: ? - help, Shift-Dir - straight line, f - orc
Aim: an orc, wielding a +0 arbalest and wearing a +0 scale mail The orc warrior convulses!
You draw a card...
You have drawn the Storm.
A fierce wind blows from the card.
The orc and the orc warrior are blown away by the wind.
You hear a mighty peal of thunder!
You hear a shout! x6
The orc warrior shoots a bolt.
The bolt hits you!!
* * * LOW HITPOINT WARNING * * *
The orc warrior shoots a bolt.
The bolt closely misses you.
Unknown command.
You draw a card...
You have drawn the Orb.
Press: ? - help, Shift-Dir - straight line, f/p - orc
Aim: an orc, wielding a +0 arbalest and wearing a +0 scale mail The orc shoots a bolt.
The bolt hits you!
* * * LOW HITPOINT WARNING * * *
The orc warrior shoots a bolt.
The bolt hits you.
* * * LOW HITPOINT WARNING * * *
Blink to where?
Press: ? - help, Dir - move target, p - orc
As you read the scroll of blinking {@r3}, it crumbles to dust.
The orc warrior wields a +0 arbalest.
The orc warrior shoots a bolt.
The bolt hits you!
You die...
Your body glows slightly and disappears.

Skill      XL: |  1  2  3  4  5  6  7  8  9 10 |
---------------+-------------------------------+-----
Spellcasting   | 1 2 |  2.0
Hexes          | 1 3 4 |  4.0
Ice Magic      | 1 2 |  2.0
Stealth        | 4 5 6 |  6.0
Polearms       | 5 7 8 11 | 11.9
Evocations     | 1 6 |  6.0
Fighting       | 4 |  4.0
Dodging        | 4 |  4.0
Invocations    | 2 5 |  5.0

Action                   |  1- 3 |  4- 6 |  7- 9 | 10-12 || total
-------------------------+-------+-------+-------+-------++-------
Melee: Spear             |   126 |   100 |    64 |    77 ||   367
       Dagger            |       |    84 |   110 |       ||   194
 Fire: Sling             |       |     1 |     8 |       ||     9
 Cast: Ensorcelled Hiber |       |    16 |    66 |     8 ||    90
Invok: Draw Summoning    |       |       |     2 |     3 ||     5
       Draw Escape       |       |       |     1 |     2 ||     3
       Draw Destruction  |       |       |       |    13 ||    13
Evoke: Wand              |       |       |     8 |     3 ||    11
       Condenser vane    |       |       |       |     1 ||     1
  Use: Scroll            |     1 |     3 |    13 |     3 ||    20
       Potion            |       |       |       |     1 ||     1
 Stab: Sleeping          |     6 |    17 |    32 |     4 ||    59
Armor: Robe              |    31 |    25 |    35 |     6 ||    97
Dodge: Dodged            |    84 |   103 |   103 |    23 ||   313
Block: Other             |       |    23 |       |       ||    23

Levels and vault maps discovered:
D:1:      evilmike_arrival_rings, layout_loops_corners,
          hellmonk_ecumenical_altar_slurped_away
D:2:      layout_basic
D:3:      layout_loops_cross, mainiacjoe_overflow_cross_hatched
D:4:      minmay_thinvault, layout_basic, serial_shops, shop, shop_statue,
          nicolae_diamond_shop, kennysheep_mini
D:5:      layout_gridville, mainiacjoe_overflow_brackets, chequers_jeans,
          uniq_menkaure, uniq_prince_ribbit1
D:6:      layout_cave_pools, minitemple, minmay_misc_feat_iff
D:7:      layout_basic, grunt_temple_overflow_bloody_war,
          mainiacjoe_overflow_paths, gammafunk_temple_overflow_forgotten,
          minmay_temple_entry_statues_fountains
D:8:      layout_rooms, minmay_the_grid_2x2 [minmay_the_grid_stretched_grid,
          minmay_the_grid_fan, minmay_the_grid_large_cup,
          minmay_the_grid_prize_shrinking_boxes]
D:9:      layout_basic, enter_bailey_2, kennysheep_generic_room_5, uniq_psyche
Temple:   nicolae_temple_slightly_damp_pantheon
Bailey:   bailey_polearm_2, bailey

Notes
Turn   | Place    | Note
-------+----------+-------------------------------------------
     0 | D:1      | browni3141 the Human Monk began the quest for the Orb.
     0 | D:1      | Reached XP level 1. HP: 18/18 MP: 1/1
   148 | D:1      | Found a faded altar of an unknown god.
   289 | D:1      | Reached XP level 2. HP: 23/24 MP: 2/2
   534 | D:1      | You fall into a shaft and drop 1 floor!
   884 | D:1      | Reached skill level 1 in Spellcasting
   884 | D:1      | Reached XP level 3. HP: 24/29 MP: 4/4
  1293 | D:1      | Learned a level 2 spell: Ensorcelled Hibernation
  1777 | D:2      | Reached skill level 2 in Spellcasting
  2022 | D:2      | Reached XP level 4. HP: 34/35 MP: 7/7
  2880 | D:3      | Reached skill level 1 in Hexes
  2880 | D:3      | Reached skill level 1 in Ice Magic
  3066 | D:3      | Found a radiant altar of Vehumet.
  3080 | D:3      | Noticed a black bear
  3421 | D:4      | Found Joddul's Assorted Antiques.
  3433 | D:4      | Bought a scroll labelled VEOWIS RIRYEKY for 31 gold pieces
  3433 | D:4      | Bought a scroll labelled VEOWIS RIRYEKY for 31 gold pieces
  3989 | D:4      | Found Lugaduoph's Armour Shop.
  4067 | D:4      | Found Leijuyc's Jewellery Emporium.
  4076 | D:4      | Found Wadub's Antique Armour Shop.
  4214 | D:4      | Identified the +5 dagger "Aduarees" {protect, rPois rCorr
                  | Str+5 Stlth+}
  4499 | D:3      | Reached XP level 5. HP: 26/41 MP: 3/8
  4679 | D:3      | HP: 4/41 [gnoll/+0 whip[a gnoll bouda] (6)]
  5176 | D:4      | Reached skill level 2 in Hexes
  5176 | D:4      | Reached skill level 2 in Ice Magic
  5325 | D:4      | Noticed a phantom
  5346 | D:4      | Killed a phantom
  5347 | D:4      | Reached skill level 3 in Hexes
  5347 | D:4      | Reached XP level 6. HP: 40/47 MP: 9/9
  5531 | D:4      | Reached skill level 4 in Hexes
  5630 | D:4      | Identified the +3 sling of Indomitability {freeze, rN+
                  | Dex-5 SInv}
  5735 | D:4      | Reached skill level 3 in Stealth
  5815 | D:5      | Entered Level 5 of the Dungeon
  5838 | D:5      | Noticed Menkaure
  6146 | D:5      | Found a glowing silver altar of Zin.
  6408 | D:5      | Reached skill level 4 in Stealth
  6408 | D:5      | Reached XP level 7. HP: 46/52 MP: 5/10
  6454 | D:5      | Noticed Prince Ribbit
  7173 | D:4      | Found Lugaduoph's Armour Shop.
  7220 | D:4      | Found Wadub's Antique Armour Shop.
  7232 | D:4      | Found Leijuyc's Jewellery Emporium.
  7568 | D:4      | Reached skill level 5 in Stealth
  7957 | D:4      | Found Joddul's Assorted Antiques.
  8320 | D:4      | Found Wadub's Antique Armour Shop.
  8321 | D:4      | Found Leijuyc's Jewellery Emporium.
  8565 | D:4      | Found Lugaduoph's Armour Shop.
  8585 | D:4      | Found Joddul's Assorted Antiques.
  9147 | D:5      | Killed Prince Ribbit
  9148 | D:5      | Reached skill level 5 in Polearms
  9148 | D:5      | Reached XP level 8. HP: 45/58 MP: 6/11
  9491 | D:6      | Reached skill level 6 in Polearms
  9842 | D:4      | Bought a pair of twisted gloves for 228 gold pieces
  9842 | D:4      | Identified the +0 pair of gloves of Pandemonium {Rampage
                  | Will+} (You bought it in a shop on level 4 of the Dungeon)
 10375 | D:6      | Found a hazy altar of Hepliaklqana.
 10383 | D:6      | Found a glowing golden altar of the Shining One.
 10566 | D:7      | Found a white marble altar of Elyvilon.
 10670 | D:7      | Reached skill level 7 in Polearms
 10693 | D:7      | Identified a scroll of acquirement
 10725 | D:7      | Acquired the ring "Fukaf" {+Blink rF+++ rN++ Will- Str+6}
 10836 | D:7      | Found a staircase to the Ecumenical Temple.
 10870 | Temple   | Entered the Ecumenical Temple
 11036 | Temple   | Became a worshipper of Nemelex Xobeh the Trickster
 11036 | Temple   | Reached * piety under Nemelex Xobeh
 11036 | Temple   | Received a gift from Nemelex Xobeh
 11036 | Temple   | Reached ** piety under Nemelex Xobeh
 11089 | D:7      | Reached skill level 1 in Evocations
 11155 | D:7      | Found a sacrificial altar of Ru.
 11155 | D:7      | Found a basalt altar of Yredelemnul.
 11157 | D:7      | Found a blossoming altar of Fedhas.
 11215 | D:7      | Reached XP level 9. HP: 65/65 MP: 12/12
 11226 | D:7      | Received a gift from Nemelex Xobeh
 11366 | D:7      | Identified the +6 long sword of Eternal Harmony {holy, rF+
                  | rCorr Str+2 Int-2}
 11385 | D:7      | Found a bloodstained altar of Trog.
 11386 | D:7      | Found an iron altar of Okawaru.
 11475 | D:8      | Noticed a hornet
 11522 | D:8      | Noticed a hornet
 11577 | D:8      | Killed a hornet
 11578 | D:8      | Reached skill level 4 in Fighting
 11578 | D:8      | Reached skill level 4 in Dodging
 11578 | D:8      | Reached skill level 2 in Evocations
 11585 | D:8      | Killed a hornet
 11586 | D:8      | Reached skill level 6 in Stealth
 11653 | D:7      | Reached skill level 3 in Evocations
 11675 | D:7      | Reached skill level 8 in Polearms
 11747 | D:8      | Reached skill level 4 in Evocations
 11860 | D:8      | Noticed a brown ugly thing
 11991 | D:8      | Noticed a centaur warrior
 11991 | D:8      | Noticed a manticore
 11991 | D:8      | Noticed a meliai
 12033 | D:8      | Killed a manticore
 12034 | D:8      | Reached skill level 5 in Evocations
 12046 | D:8      | Killed a meliai
 12047 | D:8      | Reached skill level 6 in Evocations
 12047 | D:8      | Reached skill level 1 in Invocations
 12152 | D:8      | Reached skill level 2 in Invocations
 12152 | D:8      | Reached XP level 10. HP: 71/71 MP: 6/13
 12449 | D:8      | Killed a centaur warrior
 12450 | D:8      | Reached skill level 5 in Invocations
 12494 | D:8      | Killed a brown ugly thing
 12495 | D:8      | Reached skill level 9 in Polearms
 12503 | D:8      | Noticed a gargoyle
 12509 | D:8      | Killed a gargoyle
 12565 | D:8      | Reached skill level 10 in Polearms
 12567 | D:8      | Noticed a tengu warrior
 12588 | D:8      | Noticed an eye of devastation
 12588 | D:8      | a tengu warrior changed into an eye of devastation
 12784 | D:8      | Killed an eye of devastation
 12867 | D:9      | Received a gift from Nemelex Xobeh
 12929 | D:9      | Noticed Psyche
 13070 | D:9      | Noticed a kobold demonologist
 13126 | D:9      | Noticed a rime drake
 13126 | D:9      | a yak changed into a rime drake
 13137 | D:9      | Killed a rime drake
 13142 | D:9      | Reached skill level 11 in Polearms
 13182 | D:9      | Killed Psyche
 13183 | D:9      | Reached XP level 11. HP: 77/77 MP: 14/14
 13247 | D:9      | Found a flagged portal.
 13254 | D:9      | Identified the +1 spear "Weagosk" {flame, Str+4}
 13259 | Bailey   | Entered a bailey
 13275 | Bailey   | HP: 5/77 [orc/bolt (14)]
 13275 | Bailey   | HP: 1/77 [orc warrior/bolt (4)]
 13276 | Bailey   | Shot with a bolt by an orc warrior

Vanquished Creatures
  An eye of devastation (D:8)
  2 hornets (D:8)
  A polar bear (D:8)
  A meliai (D:8)
  Prince Ribbit (D:5)
  A human (D:9)
  A steam dragon (D:8)
  An ice beast (D:7)
  A sky beast (D:7)
  An orc warrior (D:6)
  A black bear (D:7)
  A phantom (D:4)
  3 bullfrogs
  A gnoll sergeant (D:5)
  2 scorpions
  A howler monkey (D:7)
  4 orc priests
  3 hounds
  A jelly (D:6)
  A gnoll bouda (D:4)
  2 iguanas
  6 orc wizards
  5 adders
  18 gnolls
  2 white imps (D:5)
  2 dart slugs
  22 orcs
  7 ball pythons
  6 bats
  8 endoplasms
  4 giant cockroaches
  9 goblins
  6 hobgoblins
  3 quokkas
  2 frilled lizards
  8 kobolds
  6 rats
145 creatures vanquished.

Vanquished Creatures (collateral kills)
  A centaur warrior (D:8)
  A manticore (D:8)
  An ugly thing (D:8)
  A gargoyle (D:8)
  Psyche (D:9)
  2 kobold demonologists (D:9)
  A rime drake (D:9)
  A basilisk (D:9)
  A water moccasin (D:8)
  2 kobold brigands (D:9)
  A gnoll sergeant (D:8)
  A killer bee (D:8)
  A howler monkey (D:8)
  A kobold (D:9)
16 creatures vanquished.

Vanquished Creatures (others)
  An orc (D:8)
1 creature vanquished.

Grand Total: 162 creatures vanquished

Table legend: (Time is in decaauts)
 A = Elapsed time spent in this place.
 B = Non-inter-level travel time spent in this place.
 C = Inter-level travel time spent in this place.
 D = Time resting spent in this place.
 E = Time spent auto-exploring this place.
 F = Levels seen in this place.
 G = Mean time per level.
                   A        B        C        D        E       F      G
               +--------+--------+--------+--------+--------+-----+--------+
         Total |  13203 |  12359 |    844 |   2048 |   7620 |  11 | 1200.3 |
       Dungeon |  12998 |  12174 |    824 |   2048 |   7467 |   9 | 1444.2 |
        Temple |    187 |    167 |     20 |      0 |    151 |   1 |  187.0 |
        Bailey |     16 |     16 |      0 |      0 |      2 |   1 |   16.0 |
               +--------+--------+--------+--------+--------+-----+--------+

Top non-repeatable levels by time:
     D:4: 4068 daAuts
     D:3: 1592 daAuts
     D:5: 1553 daAuts
     D:1: 1377 daAuts
     D:8: 1263 daAuts
     D:2: 1076 daAuts
     D:6: 882 daAuts
     D:7: 806 daAuts
     D:9: 378 daAuts
  Temple: 187 daAuts
  Bailey: 16 daAuts

Table legend:
 A = Non-vault XP
 B = Vault XP
 C = Vault XP percentage of total XP
 D = Non-vault monster count
 E = Vault monster count
 F = Vault count percentage of total count
                 A         B        C        D         E       F
            +---------+---------+-------+---------+---------+-------
      Total |    4369 |    4622 |  51.4 |     133 |      28 |  17.4
            +---------+---------+-------+---------+---------+-------
        D:1 |      32 |       2 |   5.9 |      20 |       1 |   4.8
        D:2 |      42 |       0 |   0.0 |      16 |       0 |   0.0
        D:3 |      55 |       0 |   0.0 |      16 |       0 |   0.0
        D:4 |     205 |     246 |  54.5 |      17 |      12 |  41.4
        D:5 |     324 |     283 |  46.6 |      14 |       1 |   6.7
        D:6 |     408 |       0 |   0.0 |       9 |       0 |   0.0
        D:7 |     638 |      13 |   2.0 |      12 |       1 |   7.7
        D:8 |     870 |    3699 |  81.0 |      10 |      12 |  54.5
        D:9 |    1795 |     379 |  17.4 |      19 |       1 |   5.0
            +---------+---------+-------+---------+---------+-------
